[Event "*** Qualifier 2: Titled Tuesday 3|2 Blitz"]
[Site "Chess.com"]
[Date "2017.04.11"]
[Round "10"]
[White "jcibarra"]
[Black "feigelag"]
[Result "1-0"]
[WhiteElo "2660"]
[BlackElo "2244"]
[TimeControl "180+2"]
[EndTime "15:19:33 PDT"]
[Termination "jcibarra won by resignation"]

1. e4 c5 2. Nf3 d6 3. d4 cxd4 4.
Nxd4 Nf6 5. Nc3 a6 6. Bg5 e6 7.
f4 Nbd7 8. Qf3 Qc7 9. O-O-O h6 10.
Bh4 Be7 11. Bd3 g5 12. fxg5 Ne5 13. Qe2 Nfg4 14. Nf3 Nxf3 15. Qxf3 hxg5 16. Bg3 Ne5 17. Bxe5 dxe5 18. Rdf1 Rh7 19. h4 Bd7 20. hxg5 Bxg5+ 21. Kb1 Rxh1 22. Qxf7+ Kd8 23. Qg8+ Be8 24. Qxg5+ Qe7 25.
Qxe7+ Kxe7 26. Rxh1 Bc6 27. Kc1 Rg8 28. Rh2 Kd6 29. Kd2 b5 30. Ne2 b4 31. g3 a5 32. b3 a4 33. Ke3 a3 34. Rg2 Rh8 35. g4 Be8 36. g5 Bg6 37. Rg1 Rh3+ 38. Kd2 Rh2 39. c3 bxc3+ 40. Kxc3 Rh3 41. Rg3 Rh1 42.
b4 1-0

[Event "*** Qualifier 2: Titled Tuesday 3|2 Blitz"]
[Site "Chess.com"]
[Date "2017.04.11"]
[Round "10"]
[White "Alexander_Donchenko"]
[Black "ruvat"]
[Result "0-1"]
[WhiteElo "2536"]
[BlackElo "2237"]
[TimeControl "180+2"]
[EndTime "15:19:40 PDT"]
[Termination "ruvat won by resignation"]

1. Nf3 d6 2. c4 g6 3. g3 Bg7 4.
Bg2 Nf6 5. O-O O-O 6. Nc3 c6 7. b4 a5 8. b5 c5 9. Bb2 Ra7 10.
d4 b6 11. e4 Bg4 12. d5 Nbd7 13. h3 Bxf3 14. Qxf3 a4 15. a3 Ne8 16. Qe2 Bd4 17.
Kh2 e5 18. Qc2 f5 19. Nxa4 f4 20. h4 Nef6 21. Bh3 h5 22. gxf4 exf4 23. Bxd4 cxd4 24. f3 Ne5 25. Nb2 Nfg4+ 26. fxg4 hxg4 27. Bxg4 Qxh4+ 28. Bh3 Qg3+ 29. Kh1 Rh7 30. Qg2 Rxh3+ 31. Kg1 Qe3+ 32. Qf2 Nf3+ 0-1

[Event "*** Qualifier 2: Titled Tuesday 3|2 Blitz"]
[Site "Chess.com"]
[Date "2017.04.11"]
[Round "10"]
[White "dolynachess"]
[Black "andreimacovei2000"]
[Result "1/2-1/2"]
[WhiteElo "2329"]
[BlackElo "2389"]
[TimeControl "180+2"]
[EndTime "15:19:44 PDT"]
[Termination "Game drawn by agreement"]

1. c4 c5 2. Nc3 Nc6 3. g3 g6 4.
Bg2 Bg7 5. Nf3 e6 6. O-O Nge7 7.
e4 O-O 8. d3 Rb8 9. Be3 Nd4 10.
Bxd4 cxd4 11. Nb5 Qb6 12. e5 Nc6 13. Re1 d5 14. exd6 a6 15. Na3 Qc5 16. Nc2 Qxd6 17. Qd2 b5 18. Na3 Bd7 19. Rac1 bxc4 20. Nxc4 Qe7 21.
Nfe5 Nxe5 22. Nxe5 Rfc8 23. Nxd7 Qxd7 24. Rxc8+ Rxc8 25. Rc1 h5 26. h4 Kh7 27. Rc2 Bh6 28. Qe2 Rc7 29. Be4 Qc8 30. Rxc7 Qxc7 31. Kg2 Kg7 32. Qd1 Qc1 33. Qxc1 Bxc1 34. b4 Ba3 35.
Bb7 Kf6 36. Bxa6 Bxb4 37. Bc4 Ke5 38. a4 f5 39. Bb5 Kf6 40. f4 e5 41. fxe5+ Kxe5 42. Be8 Kf6 43. Kf3 Be1 44. Bd7 Ke5 45. Be8 Kf6 46. Bb5 1/2-1/2

[Event "*** Qualifier 2: Titled Tuesday 3|2 Blitz"]
[Site "Chess.com"]
[Date "2017.04.11"]
[Round "10"]
[White "Outsmiter"]
[Black "FearNoEvil12"]
[Result "0-1"]
[WhiteElo "2093"]
[BlackElo "2095"]
[TimeControl "180+2"]
[EndTime "15:20:02 PDT"]
[Termination "FearNoEvil12 won by resignation"]

1. e4 a6 2. d4 b5 3. Nf3 Bb7 4.
Bd3 e6 5. O-O Nf6 6. Re1 d6 7.
a4 b4 8. c4 bxc3 9. bxc3 Nbd7 10. Nbd2 Rg8 11. a5 g5 12. Nf1 g4 13. N3d2 h5 14.
Rb1 Rb8 15. Qa4 Bh6 16. Ba3 g3 17. hxg3 h4 18. Nf3 hxg3 19. Nxg3 Ng4 20. c4 Bf4 21. Nh5 Bg5 22. d5 Kf8 23. dxe6 fxe6 24. Rb2 Rh8 25.
Ng3 Bf4 26. Reb1 Nxf2 27. Kxf2 Bxg3+ 28. Kxg3 Ne5 29. Nxe5 Qh4+ 30. Kf3 Kg8 31. Rxb7 Rf8+ 32. Ke2 Qf2+ 33. Kd1 Rh1+ 0-1

[Event "*** Qualifier 2: Titled Tuesday 3|2 Blitz"]
[Site "Chess.com"]
[Date "2017.04.11"]
[Round "10"]
[White "amaidel"]
[Black "ehrenfeld"]
[Result "0-1"]
[WhiteElo "2421"]
[BlackElo "2323"]
[TimeControl "180+2"]
[EndTime "15:20:10 PDT"]
[Termination "ehrenfeld won on time"]

1. e4 d6 2. d4 g6 3. Nc3 Bg7 4. Bg5 a6 5. Qd2 b5 6. a3 Bb7 7. O-O-O Nd7 8. f3 c5 9. Nge2 cxd4 10.
Nxd4 Ngf6 11. g4 h5 12. gxh5 Rxh5 13. h4 Rc8 14. Nde2 Ne5 15. Bg2 Nc4 16. Qe1 Qb6 17. Nf4 Nxb2 18. Kxb2 b4 19. Na4 bxa3+ 20. Kxa3 Qc7 21. Nxh5 Nxh5 22. Qb4 Bc6 23. Nb6 Rb8 0-1

[Event "*** Qualifier 2: Titled Tuesday 3|2 Blitz"]
[Site "Chess.com"]
[Date "2017.04.11"]
[Round "10"]
[White "Wolverine_master"]
[Black "Aragon"]
[Result "0-1"]
[WhiteElo "1957"]
[BlackElo "2100"]
[TimeControl "180+2"]
[EndTime "15:20:28 PDT"]
[Termination "Aragon won by resignation"]

1. e4 Nc6 2. d4 d5 3. c4 dxe4 4. d5 Ne5 5. Nc3 Nd3+ 6. Bxd3 exd3 7. Qxd3 Nf6 8. Bg5 Bg4 9. Nf3 a6 10. h3 Bh5 11. O-O Qd6 12. Rfe1 Bg6 13. Qe3 h6 14. Bf4 Qd8 15. Ne5 Bh7 16. Rad1 g5 17. Bxg5 hxg5 18. Qxg5 Qd6 19. c5 Qxc5 20. Nd3 Qd6 21.
Nf4 O-O-O 22. Rc1 Kb8 23. Na4 Be4 24. Nc5 Bh6 25. Nxe4 Nxe4 26. Qh5 Bxf4 27. Qxf7 Ng5 28.
Qxe7 Qxe7 29. Rxe7 Bxc1 0-1

[Event "*** Qualifier 2: Titled Tuesday 3|2 Blitz"]
[Site "Chess.com"]
[Date "2017.04.11"]
[Round "10"]
[White "TenisMaster"]
[Black "sergiochess83"]
[Result "0-1"]
[WhiteElo "2650"]
[BlackElo "2628"]
[TimeControl "180+2"]
[EndTime "15:20:36 PDT"]
[Termination "sergiochess83 won by checkmate"]

1. e4 c6 2. d4 d5 3. e5 Bf5 4.
Nf3 e6 5. Be2 Ne7 6. O-O c5 7.
Na3 Nec6 8. c4 dxc4 9. Bg5 Be7 10. Bxe7 Qxe7 11. Nxc4 O-O 12. dxc5 Nd7 13. Rc1 Nxc5 14.
Nd6 Nd7 15. Nxb7 Ndxe5 16. Nxe5 Nxe5 17. Nc5 a5 18. Qd4 Nc6 19. Qe3 Nb4 20. Bf3 Rac8 21. Ne4 Nxa2 22. Rxc8 Rxc8 23. Ra1 Nb4 24. Rxa5 Nd5 25.
Qd2 Bxe4 26. Bxe4 Qb4 27. Rxd5 Qxd2 28. Rxd2 Rc1+ 29. Rd1 Rxd1# 0-1

[Event "*** Qualifier 2: Titled Tuesday 3|2 Blitz"]
[Site "Chess.com"]
[Date "2017.04.11"]
[Round "10"]
[White "brauliocuarta"]
[Black "rpragchess"]
[Result "0-1"]
[WhiteElo "2069"]
[BlackElo "2234"]
[TimeControl "180+2"]
[EndTime "15:20:40 PDT"]
[Termination "rpragchess won by resignation"]

1. d4 c5 2. d5 Nf6 3. c4 b5 4. Qc2 bxc4 5. e4 d6 6. Bxc4 g6 7. Nf3 Bg7 8. O-O O-O 9. h3 Nbd7 10. Re1 Nb6 11. Bf1 e6 12. dxe6 Bxe6 13. Nc3 d5 14. e5 Nfd7 15. Bg5 Qc7 16. Be7 Nxe5 17. Bxf8 Nxf3+ 18. gxf3 Bxf8 19. Rad1 Qf4 20. Qd2 Qxf3 21. Bg2 Qf5 22. Nxd5 Bxd5 23. Bxd5 Rc8 24. Bg2 c4 25.
Re4 h5 26. Qf4 Qa5 27. Red4 Qxa2 28. Rd8 Qb3 29. Rxc8 Qxd1+ 30. Kh2 Nxc8 31. Bd5 Bd6 32. Bxf7+ Kg7 0-1

[Event "*** Qualifier 2: Titled Tuesday 3|2 Blitz"]
[Site "Chess.com"]
[Date "2017.04.11"]
[Round "10"]
[White "tigra"]
[Black "oskariot"]
[Result "1-0"]
[WhiteElo "2611"]
[BlackElo "2437"]
[TimeControl "180+2"]
[EndTime "15:20:47 PDT"]
[Termination "tigra won by resignation"]

1. e4 c5 2. Nf3 d6 3. d4 cxd4 4.
Nxd4 Nf6 5. Nc3 Nc6 6. Bg5 Bd7 7. Qd2 Rc8 8. O-O-O Nxd4 9. Qxd4 Qa5 10. f4 h6 11.
Bxf6 gxf6 12. Kb1 Qc5 13. Qd3 Bg7 14. f5 h5 15. Be2 Bh6 16. Nd5 h4 17. Rhf1 Bg5 18. Rf3 Rh6 19. Qb3 Bc6 20. Rc3 Qa5 21. Bb5 Qd8 22. Qa4 Kf8 23. Bxc6 bxc6 24. Rxc6 Rxc6 25.
Qxc6 Kg7 26. b4 Rh8 27. Rd3 Qb8 28. Rc3 e6 29. fxe6 fxe6 30. Qd7+ Kh6 31. Qxe6 Qb5 32. Rf3 Qc4 33. Rxf6+ Bxf6 34. Qxf6+ Kh7 35. Qxh4+ Kg7 36. Qg5+ 1-0

[Event "*** Qualifier 2: Titled Tuesday 3|2 Blitz"]
[Site "Chess.com"]
[Date "2017.04.11"]
[Round "10"]
[White "jcgs1030"]
[Black "PowerThinking2650"]
[Result "0-1"]
[WhiteElo "2276"]
[BlackElo "2210"]
[TimeControl "180+2"]
[EndTime "15:20:58 PDT"]
[Termination "PowerThinking2650 won by resignation"]

1. e4 e5 2. Nf3 Nc6 3. Bb5 a6 4.
Ba4 Nf6 5. O-O Be7 6. Re1 b5 7. Bb3 d6 8. d4 Nxd4 9. Nxd4 exd4 10. a4 Bg4 11. f3 Bd7 12. Qxd4 c5 13. Qf2 c4 14.
Ba2 O-O 15. Nc3 Bc6 16. Be3 Nd7 17. Rad1 Qa5 18. Bd4 Rfe8 19. Qg3 Bf8 20. b3 b4 21. Nd5 Bxd5 22. exd5 c3 23. Re4 Rxe4 24. fxe4 Re8 25. Qg4 Qd8 26. a5 Nf6 27. Bxf6 Qxf6 28. e5 dxe5 29. Qe4 Qf4 30. Qxf4 exf4 31. d6 Rd8 32. d7 f6 33. Kf2 Kf7 34. Kf3 Ke6 35. Kxf4 Rxd7 36. Rxd7 Kxd7 37. Kf5 Be7 38. h4 g6+ 39. Ke4 Ke6 40. g3 Bc5 41. Kd3 Kd5 42. g4 f5 43.
gxf5 gxf5 44. Ke2 Ke4 45. Kf1 Kf3 46. Bb1 h5 47. Ba2 Be7 48. Bb1 Bxh4 49. Ba2 Bf2 50. Bb1 h4 0-1

[Event "*** Qualifier 2: Titled Tuesday 3|2 Blitz"]
[Site "Chess.com"]
[Date "2017.04.11"]
[Round "10"]
[White "Feegus"]
[Black "Buffy7"]
[Result "0-1"]
[WhiteElo "2363"]
[BlackElo "2501"]
[TimeControl "180+2"]
[EndTime "15:20:59 PDT"]
[Termination "Buffy7 won on time"]

1. d4 Nf6 2. Bf4 g6 3. e3 Bg7 4.
Nf3 O-O 5. Be2 d6 6. O-O b6 7.
h3 Bb7 8. a4 a6 9. c3 Nbd7 10.
Na3 Ra7 11. Rc1 Qa8 12. a5 b5 13. c4 bxc4 14. Nxc4 Bd5 15. Qa4 Rb8 16. Nfd2 Bxg2 17.
Rfd1 Bd5 18. f3 Rab7 19. Kf2 Rb4 20. Qa3 Nh5 21. Bh2 Qb7 22. b3 c5 23. dxc5 Nxc5 24. Nb6 Rh4 25. Bf1 Be6 26. Bg2 Bxh3 27. Bg3 Nd3+ 28.
Ke2 Nxg3+ 29. Kxd3 Bxg2 30. Rg1 Bxf3 31. Rxg3 Bc6 32.
Ndc4 Bb5 0-1

[Event "*** Qualifier 2: Titled Tuesday 3|2 Blitz"]
[Site "Chess.com"]
[Date "2017.04.11"]
[Round "10"]
[White "VMikhalevski"]
[Black "OparinGrigoriy"]
[Result "1-0"]
[WhiteElo "2568"]
[BlackElo "2637"]
[TimeControl "180+2"]
[EndTime "15:21:03 PDT"]
[Termination "VMikhalevski won by resignation"]

1. Nf3 d5 2. g3 c6 3. Bg2 Bg4 4.
O-O Nd7 5. d3 e5 6. h3 Bh5 7. b3 Bd6 8. Bb2 Ngf6 9. Nh4 O-O 10. g4 Bg6 11. Nd2 Re8 12. e3 a5 13. Nxg6 hxg6 14.
a4 Qe7 15. g5 Nh7 16. h4 Nhf8 17. Qg4 Ne6 18. Rae1 Bb4 19. Re2 Ba3 20. Ba1 b5 21. axb5 cxb5 22. Bxd5 Rac8 23. Nf3 Bd6 24. Bb2 Nec5 25.
Nd2 a4 26. Ra1 Nb6 27. Bg2 Ne6 28. Ne4 a3 29. Bc3 b4 30. Be1 Nd5 31. Nxd6 Qxd6 32.
Bxd5 Qxd5 33. Bxb4 Ra8 34. Rxa3 Rxa3 35. Bxa3 Ra8 36. Bb2 Ra2 37. Bc3 Qc6 38. Bxe5 Rxc2 39. Rxc2 Qxc2 40. Qc4 Qd1+ 41. Kg2 Kh7 42. b4 Qb1 43. b5 Nd8 44. Bc7 Ne6 45. Be5 Nd8 46. Bd4 Ne6 47. Bc3 Nd8 48. Qd5 Ne6 49. Be5 Qd1 50.
b6 Qg4+ 51. Bg3 1-0

[Event "*** Qualifier 2: Titled Tuesday 3|2 Blitz"]
[Site "Chess.com"]
[Date "2017.04.11"]
[Round "10"]
[White "chessking2151"]
[Black "pastouche06"]
[Result "0-1"]
[WhiteElo "2313"]
[BlackElo "2300"]
[TimeControl "180+2"]
[EndTime "15:21:03 PDT"]
[Termination "pastouche06 won by resignation"]

1. e4 c6 2. Nc3 d5 3. Nf3 Bg4 4. h3 Bxf3 5. Qxf3 Nf6 6. g3 dxe4 7. Nxe4 Nxe4 8. Qxe4 Qd5 9. d3 Nd7 10. Bg2 e6 11. O-O Qxe4 12. Bxe4 h5 13. Bg5 Be7 14. Be3 h4 15. g4 Nf6 16. Bg2 Nd5 17. Bd2 O-O-O 18.
Rfe1 Bd6 19. Bg5 Rde8 20. a3 Nf4 21. Rad1 f6 22. Bxf4 Bxf4 23. d4 g5 24. Be4 Kc7 25.
Bg6 Re7 26. c4 Rd8 27. Bf5 Rde8 28. Bg6 Rg8 29. Bc2 Rge8 30. c5 Rd8 31. Bb3 e5 32. d5 cxd5 33. Bxd5 Red7 34. Bf3 Rxd1 35. Rxd1 Rxd1+ 36. Bxd1 Bc1 37. Kg2 Bxb2 38. a4 Ba3 39. Kf3 Bxc5 40.
Bc2 Kb6 41. Ke4 Bxf2 42. Kf5 Be3 43. Kxf6 Bf4 44. Kf5 Kc5 45. Ke4 Kc4 46. Bd1 a6 47. Bc2 b5 48. axb5 axb5 49. Bd3+ Kb4 50. Kd5 Ka4 51. Kc5 b4 52. Kc4 b3 53. Kc3 Ka3 54. Bc4 b2 55. Bd3 Ka2 0-1

[Event "*** Qualifier 2: Titled Tuesday 3|2 Blitz"]
[Site "Chess.com"]
[Date "2017.04.11"]
[Round "10"]
[White "Blitzstream"]
[Black "Grebeniuk-S"]
[Result "1-0"]
[WhiteElo "2486"]
[BlackElo "2401"]
[TimeControl "180+2"]
[EndTime "15:21:10 PDT"]
[Termination "Blitzstream won on time"]

1. d4 Nf6 2. Bg5 Ne4 3. Bh4 d5 4. f3 Nf6 5. c4 c6 6. cxd5 cxd5 7. Nc3 Nc6 8. e3 Bf5 9. Qb3 Na5 10. Qa4+ Bd7 11. Bb5 Nc6 12. Qd1 e6 13. Nge2 Nb4 14. a3 Bxb5 15. Nxb5 Nc6 16. Bg3 Rc8 17. Qa4 a6 18.
Na7 b5 19. Qxa6 Nxa7 20. Qxa7 Bd6 21. Nc3 Bxg3+ 22. hxg3 O-O 23. O-O Ra8 24. Qc5 Rb8 25. Nxb5 Nd7 26. Qb4 Nb6 27. a4 Qg5 28. Kf2 Nc4 29. Rfe1 e5 30. b3 Nb6 31. dxe5 Qxe5 32. Qd4 1-0

[Event "*** Qualifier 2: Titled Tuesday 3|2 Blitz"]
[Site "Chess.com"]
[Date "2017.04.11"]
[Round "10"]
[White "JaimeSantosLatasa"]
[Black "woodhy"]
[Result "1-0"]
[WhiteElo "2527"]
[BlackElo "2175"]
[TimeControl "180+2"]
[EndTime "15:21:15 PDT"]
[Termination "JaimeSantosLatasa won by resignation"]

1. e4 e6 2. d4 d5 3. Nc3 Bb4 4.
e5 c5 5. a3 Bxc3+ 6. bxc3 Ne7 7.
Qg4 Qc7 8. Qxg7 Rg8 9. Qxh7 cxd4 10. Ne2 Nbc6 11. f4 Bd7 12. Qd3 dxc3 13. Nxc3 a6 14. Ne2 O-O-O 15. c3 Na5 16. Nd4 Nf5 17. Nxf5 exf5 18.
a4 Nb3 19. Rb1 Bxa4 20. Be3 Bb5 21. Qxf5+ Kb8 22. Rxb3 Bxf1 23. Rxf1 Rxg2 24. Qb1 b5 25. Qd3 Rxh2 26. Rf2 Rh1+ 27. Kd2 Qc4 28. Kc2 Qa4 29. Qd4 Qa2+ 30. Rb2 Qa1 31. Qb6+ Kc8 32. Qc6+ Kb8 33.
Ba7+ Kxa7 34. Qc7+ Ka8 35. Qxd8+ Ka7 36. Qc7+ Ka8 37.
Qc8+ Ka7 38. Qc5+ Kb8 39. Qxd5 Rc1+ 40. Kd3 Rd1+ 41. Rfd2 Rf1 42. Qd8+ Kb7 43. Qd7+ Kb8 44. Ke4 Qe1+ 45. Kf5 Rxf4+ 46. Kxf4 Qh4+ 47. Qg4 Qh6+ 48. Qg5 Qc6 49. Qd8+ 1-0

[Event "*** Qualifier 2: Titled Tuesday 3|2 Blitz"]
[Site "Chess.com"]
[Date "2017.04.11"]
[Round "10"]
[White "Th3ChessViking"]
[Black "Abrito99"]
[Result "0-1"]
[WhiteElo "2269"]
[BlackElo "2325"]
[TimeControl "180+2"]
[EndTime "15:21:23 PDT"]
[Termination "Abrito99 won on time"]

1. c4 Nf6 2. g3 g6 3. Bg2 Bg7 4. Nc3 O-O 5. Nf3 d6 6. O-O Nbd7 7. d3 c5 8. Rb1 Rb8 9. a3 b6 10. b3 Bb7 11. Bb2 e6 12. d4 Qe7 13. dxc5 Nxc5 14. Nb5 Rfd8 15. b4 a6 16. bxc5 dxc5 17. Qb3 axb5 18.
Qxb5 Be4 19. Rbd1 Qb7 20. Be5 Ra8 21. Qb2 Ne8 22. Bxg7 Nxg7 23. a4 Nf5 24. Qf6 Nd4 25. Nxd4 cxd4 26. f3 Bc2 27. Rxd4 Rxd4 28. Qxd4 Bxa4 29.
Rb1 Qc7 30. Rxb6 Rd8 31. Qb2 Qc5+ 0-1

[Event "*** Qualifier 2: Titled Tuesday 3|2 Blitz"]
[Site "Chess.com"]
[Date "2017.04.11"]
[Round "10"]
[White "sorito"]
[Black "Gabrielian_Artur"]
[Result "1-0"]
[WhiteElo "2322"]
[BlackElo "2588"]
[TimeControl "180+2"]
[EndTime "15:21:27 PDT"]
[Termination "sorito won by resignation"]

1. d4 Nf6 2. Nf3 g6 3. Nc3 d5 4. Bg5 Bg7 5. Bxf6 Bxf6 6. e4 dxe4 7. Nxe4 Bg7 8. c3 O-O 9. Bc4 Nd7 10. Qe2 Nf6 11. Nxf6+ exf6 12. O-O c6 13. Rfe1 Bf5 14. Nh4 Bd7 15. a3 f5 16. Nf3 Bf6 17. Qd2 Kg7 18.
Qf4 Qb8 19. Ne5 Be8 20. h4 h5 21. Re2 Qd8 22. g3 b5 23. Bb3 a5 24. Rae1 b4 25.
Nd3 bxa3 26. bxa3 Rb8 27. Nc5 Qb6 28. a4 Rd8 29. Kg2 Qb8 30. Qxb8 Rxb8 31. f4 Kg8 32. Kf3 Rd8 33. Rb1 Bd7 34. Bc4 Bc8 35. Rb6 Rd6 36.
Rb8 Rfd8 37. Reb2 Kg7 38. Ra8 Bxd4 39. cxd4 Rxd4 40. Be2 Re8 41. Rxa5 Re7 42. Ra8 Rc7 43. Rc2 Rb4 44. a5 Rb1 45. a6 Ra1 46. Rb2 Ra3+ 47.
Kf2 Kf6 48. Rbb8 Be6 49. Nxe6 fxe6 50. Rb7 Re7 51. Rf8+ 1-0

[Event "*** Qualifier 2: Titled Tuesday 3|2 Blitz"]
[Site "Chess.com"]
[Date "2017.04.11"]
[Round "10"]
[White "aRk_iN"]
[Black "GM_Splinter"]
[Result "0-1"]
[WhiteElo "2143"]
[BlackElo "2335"]
[TimeControl "180+2"]
[EndTime "15:21:30 PDT"]
[Termination "GM_Splinter won on time"]

1. e4 e5 2. Nf3 Nc6 3. Bb5 a6 4.
Bxc6 dxc6 5. O-O Bg4 6. h3 Bh5 7. d3 f6 8. c3 c5 9. Be3 Bd6 10. Nbd2 Ne7 11. Qb3 b5 12. a4 Rb8 13. axb5 axb5 14.
Nh4 Qd7 15. d4 cxd4 16. cxd4 exd4 17. Bxd4 c5 18. Be3 c4 19. Qc2 O-O 20. Nf5 Nxf5 21.
exf5 Be2 22. Rfe1 Bd3 23. Qc1 Qxf5 24. Ra6 Bb4 25. Rd1 Rfe8 26. Nf3 Qg6 27. Nd4 Be4 28. g3 Qh5 29. Kh2 Bc5 30. Qd2 Rbd8 31. g4 Qe5+ 32.
f4 Qb8 33. Qf2 Qb7 34. Raa1 Bd3 0-1

[Event "*** Qualifier 2: Titled Tuesday 3|2 Blitz"]
[Site "Chess.com"]
[Date "2017.04.11"]
[Round "10"]
[White "stepanosinovsky"]
[Black "TheNextLevelFan"]
[Result "0-1"]
[WhiteElo "2217"]
[BlackElo "2388"]
[TimeControl "180+2"]
[EndTime "15:21:53 PDT"]
[Termination "TheNextLevelFan won by checkmate"]

1. e4 e5 2. Nf3 Nc6 3. Bb5 a6 4.
Ba4 Nf6 5. O-O Be7 6. Re1 b5 7.
Bb3 O-O 8. Nc3 d6 9. Nd5 Na5 10. d4 Nxd5 11. exd5 Nxb3 12. axb3 f6 13. c4 Bd7 14.
Bd2 Kh8 15. Bc3 c6 16. dxc6 Bxc6 17. dxe5 dxe5 18. Qe2 Qb6 19. Ba5 Qb7 20. Red1 Bc5 21. b4 Bxf3 22. Qxf3 Qxf3 23. gxf3 Bd4 24. c5 Rac8 25.
Bb6 Ra8 26. Rd2 g5 27. Rad1 Kg7 28. Kg2 Kg6 29. Ba5 Rac8 30. Bb6 Rc6 31. Ra1 Ra8 32.
Ra2 Kf5 33. Rd1 Ke6 34. Rda1 Kd5 35. Rc1 h5 36. h3 f5 37. b3 g4 38. hxg4 hxg4 39.
fxg4 Rg6 40. f3 fxg4 41. fxg4 Rf8 42. Kh3 Rf3+ 43. Kh4 Be3 44. Rd1+ Ke4 45. Rg2 Rh6# 0-1

[Event "*** Qualifier 2: Titled Tuesday 3|2 Blitz"]
[Site "Chess.com"]
[Date "2017.04.11"]
[Round "10"]
[White "Vamostodorecto"]
[Black "Sanan_Sjugirov"]
[Result "0-1"]
[WhiteElo "2352"]
[BlackElo "2665"]
[TimeControl "180+2"]
[EndTime "15:21:54 PDT"]
[Termination "Sanan_Sjugirov won by checkmate"]

1. d4 Nf6 2. c4 e6 3. Nc3 Bb4 4.
a3 Bxc3+ 5. bxc3 c5 6. f3 d5 7. cxd5 exd5 8. e3 O-O 9. Bd3 b6 10. Ne2 Ba6 11. O-O Re8 12. Ng3 Bxd3 13. Qxd3 Nc6 14.
Ra2 Qd7 15. Re2 Rad8 16. Bb2 Na5 17. e4 cxd4 18. e5 Nc4 19. cxd4 Qb5 20. f4 Ne4 21. Ba1 Nxg3 22. Qxg3 Qa4 23. f5 Qxa3 24. Bc3 Rc8 25. f6 g6 26. Rf3 Nd6 27. Qh4 Rxc3 28. Qh6 Qc1+ 29. Qxc1 Rxc1+ 30. Kf2 Ne4+ 31. Ke3 g5 32. Ra2 Rec8 33. Rf5 h5 34. h4 Re1+ 35.
Kd3 Rc3# 0-1

[Event "*** Qualifier 2: Titled Tuesday 3|2 Blitz"]
[Site "Chess.com"]
[Date "2017.04.11"]
[Round "10"]
[White "kleinebeer98"]
[Black "StarkAst"]
[Result "0-1"]
[WhiteElo "2454"]
[BlackElo "2362"]
[TimeControl "180+2"]
[EndTime "15:22:05 PDT"]
[Termination "StarkAst won by resignation"]

1. e4 e6 2. d4 d5 3. Nc3 Bb4 4.
a3 Bxc3+ 5. bxc3 Ne7 6. Qg4 O-O 7. h4 e5 8. Qg3 exd4 9. Bh6 Ng6 10. Bxg7 Kxg7 11. h5 dxe4 12. hxg6 fxg6 13. Rd1 c5 14.
Nh3 Bxh3 15. Qxh3 h5 16. Qg3 Rf5 17. Be2 Nc6 18. Rxh5 Rxh5 19. Bxh5 Qf6 20. Rb1 b6 21. Bxg6 Qxg6 22. Qc7+ Kg8 23. Kd2 dxc3+ 24. Ke2 Nd4+ 25. Kf1 Rf8 26. Re1 Qf7 27. Qg3+ Qg7 28. Qxc3 Nf5 29.
Qb3+ Qf7 30. Qh3 e3 31. f3 Qc4+ 32. Kg1 Qd4 33. Re2 Qd1+ 34. Re1 Qxe1+ 35. Kh2 Qg3+ 36.
Qxg3+ 0-1

[Event "*** Qualifier 2: Titled Tuesday 3|2 Blitz"]
[Site "Chess.com"]
[Date "2017.04.11"]
[Round "10"]
[White "Alex_Molchanov"]
[Black "1e41-0"]
[Result "1-0"]
[WhiteElo "2417"]
[BlackElo "2313"]
[TimeControl "180+2"]
[EndTime "15:22:28 PDT"]
[Termination "Alex_Molchanov won by checkmate"]

1. c4 c6 2. e4 d5 3. cxd5 cxd5 4.
exd5 Nf6 5. Qa4+ Bd7 6. Qb3 Na6 7. d4 Qa5+ 8. Nc3 Nc7 9. Bd2 Qb6 10. Bc4 Qxb3 11.
Bxb3 b5 12. a3 g6 13. Nf3 Bg7 14. Bf4 Rc8 15. O-O Nh5 16. Bg5 h6 17. Bd2 O-O 18.
Ne5 Rfd8 19. d6 exd6 20. Nxf7 Be6 21. Bxe6 Nxe6 22. Nxd8 Rxd8 23. Nxb5 Nxd4 24. Nxd4 Bxd4 25. Bc3 Bc5 26. g3 d5 27. Rad1 d4 28. Rd3 Rb8 29.
Bxd4 Bxd4 30. Rxd4 Rxb2 31. Rd7 a5 32. Rc1 Rb8 33. Rc6 Kf8 34. Rxg6 Re8 35. Rxh6 Kg8 36.
Rxh5 Re1+ 37. Kg2 Re8 38. Rg5+ Kh8 39. Rh5+ Kg8 40. Rxa5 Kh8 41. Rh5+ Kg8 42. Rg5+ Kh8 43. h4 Ra8 44. Rb5 Rf8 45. a4 Re8 46. a5 Rf8 47. a6 Re8 48. a7 Rf8 49. Rb8 Rg8 50.
a8=Q Rd8 51. Rbxd8# 1-0

[Event "*** Qualifier 2: Titled Tuesday 3|2 Blitz"]
[Site "Chess.com"]
[Date "2017.04.11"]
[Round "10"]
[White "johnathan113"]
[Black "XDPS"]
[Result "1-0"]
[WhiteElo "2464"]
[BlackElo "2567"]
[TimeControl "180+2"]
[EndTime "15:22:40 PDT"]
[Termination "johnathan113 won by resignation"]

1. d4 d5 2. Nc3 Nf6 3. Bf4 Bf5 4. f3 Bg6 5. g4 h6 6. h4 e6 7. e3 c6 8. h5 Bh7 9. Bd3 Bd6 10.
Nge2 Bxf4 11. exf4 Nbd7 12. Bxh7 Nxh7 13. Qd3 Qc7 14. Qe3 O-O-O 15. O-O-O Rde8 16. Kb1 f6 17. Ng3 Re7 18. Nf5 Rhe8 19. Nxe7+ Rxe7 20. Rhe1 Kd8 21. Re2 Qd6 22. Rde1 b6 23. Rd2 Ke8 24. Ne2 Kf7 25.
Ng3 Re8 26. Nf5 Qb8 27. Rde2 c5 28. c3 Qc7 29. Nh4 Qd6 30. Qd3 Nhf8 31. Qe3 Re7 32. Nf5 Qc6 33. Nxe7 Kxe7 34. f5 e5 35. dxe5 fxe5 36.
f4 e4 37. c4 Nf6 38. g5 Nxh5 39. cxd5 Qxd5 40. Qxe4+ Qxe4+ 41. Rxe4+ Kf7 42. Re7+ Kg8 43. Rxa7 Nxf4 44. Ree7 hxg5 45. Rxg7+ Kh8 46. Rxg5 Nd5 47. Ra8 1-0

[Event "*** Qualifier 2: Titled Tuesday 3|2 Blitz"]
[Site "Chess.com"]
[Date "2017.04.11"]
[Round "10"]
[White "jefferyx"]
[Black "MyleneFarmer"]
[Result "1-0"]
[WhiteElo "2602"]
[BlackElo "2338"]
[TimeControl "180+2"]
[EndTime "15:22:42 PDT"]
[Termination "jefferyx won on time"]

1. b4 f6 2. Bb2 g6 3. e3 Nh6 4. f4 Nf7 5. Nf3 Bg7 6. a3 e6 7.
c4 O-O 8. Nc3 d6 9. d4 Qe7 10.
Bd3 c6 11. O-O b6 12. e4 Nd7 13. Qd2 Bb7 14. Rfe1 a6 15. Rad1 Rac8 16. a4 Rfd8 17. Ba3 e5 18. fxe5 fxe5 19. d5 c5 20. b5 a5 21. Bc1 Bh6 22. Qc2 Bxc1 23. Qxc1 Rf8 24. Rf1 Kg7 25. Rf2 Nf6 26. Rdf1 Ng4 27. Ra2 Nf6 28. Kf2 Nh5 29. Ke1 Nf4 30. Qe3 Ng5 31. g3 Nxf3+ 32. Rxf3 Nh3 33. Rxf8 Rxf8 34. Bf1 Qg5 35. Qxg5 Nxg5 36. Bg2 Bc8 37. Rf2 Rxf2 38. Kxf2 Bh3 39. Bxh3 Nxh3+ 40. Ke3 Kf6 41. Nb1 h5 42. Nd2 Ng5 43. Nb3 Nf7 44. Nc1 g5 45. Nd3 g4 46.
Nf2 Ng5 47. Kd3 Nf3 48. h4 Nd4 49. Nd1 Nf3 50. Ne3 Ke7 51. Nf5+ Kd7 52. Ng7 Ne1+ 53. Kd2 Nf3+ 54. Ke3 Nh2 55. Nxh5 Nf1+ 56. Ke2 Nh2 57. Ng7 Ke7 58. Nf5+ Kd7 59. h5 Nf3 60. h6 Ng5 61.
Ne3 Ke7 62. Nf5+ Kd7 63. Kd3 Nh7 64. Ne3 Nf6 65. Nxg4 Nh7 66. Ne3 Ke7 67. Nf5+ Kd7 68. Ke3 Ke8 69. Kf3 Kd7 70. Kg4 Nf6+ 71. Kh4 Ke8 72. g4 Kf7 73. Nxd6+ Kg6 74. g5 Nh7 75. Nc8 Nxg5 76. d6 Nf7 77. d7 Kxh6 78. Nxb6 Kg6 79. Nd5 Nd8 80. Kg4 Kf7 81. Kf5 Ne6 82.
Kxe5 Nd8 83. Kd6 Nb7+ 84. Kc6 Nd8+ 85. Kc7 Ne6+ 86. Kd6 Nd8 87. e5 Nb7+ 88. Kc7 1-0

[Event "*** Qualifier 2: Titled Tuesday 3|2 Blitz"]
[Site "Chess.com"]
[Date "2017.04.11"]
[Round "10"]
[White "MorpheusPro"]
[Black "Rating-Schmating"]
[Result "0-1"]
[WhiteElo "2147"]
[BlackElo "2247"]
[TimeControl "180+2"]
[EndTime "15:22:42 PDT"]
[Termination "Rating-Schmating won by resignation"]

1. d4 Nf6 2. Nf3 d5 3. Bf4 Bf5 4. e3 e6 5. Bd3 Bd6 6. Ne5 Ne4 7. f3 f6 8. fxe4 dxe4 9. g4 exd3 10. gxf5 dxc2 11.
Qxc2 fxe5 12. dxe5 Bb4+ 13. Nc3 exf5 14. Qxf5 Bxc3+ 15. bxc3 Nc6 16. Rd1 Qc8 17. e6 Rf8 18. Qg4 Ne7 19. Rd7 Rf6 20. Rxc7 Qxe6 21. Qxe6 Rxe6 22. Rg1 Ng6 23. Kf2 Kf8 24. Rxb7 Rd8 25. Rxa7 Rd2+ 26.
Kf3 Nxf4 27. Kxf4 Rf2+ 28. Kg3 Rc2 29. Rf1+ Ke8 30. Rf3 Rxc3 31. Kf4 Rf6+ 32. Kg3 Rg6+ 33. Kf4 Rc4+ 34. Ke5 Rc5+ 35. Kd4 Rcc6 36. Rff7 Rcd6+ 37. Ke4 Rde6+ 38. Kf4 Ref6+ 39. Rxf6 Rxf6+ 40. Ke4 Rf2 41. h4 Rh2 42. Ke5 Rxh4 43. e4 Rh5+ 44. Kd6 Rh6+ 45. Kd5 g5 46. e5 g4 47. e6 Rh1 48. Rg7 h5 49. Ke5 Re1+ 50. Kf6 Rf1+ 51. Kg6 g3 52. Kxh5 Rh1+ 53. Kg4 g2 54. Kf3 g1=Q 55. Rxg1 Rxg1 56. Ke3 Ra1 57. Kd3 Rxa2 0-1